Map: King's Cove LE

Players

ApXeOnTePuKC

  • Race: Protoss Protoss
  • League: Master
  • Spawn Location: 11:00

Mez - Winner!

  • Race: Terran Terran
  • League: Master
  • Spawn Location: 5:00

VOD

Have the link to the VOD?

Description

Time

  • Played on: July 31, 2019, 4:05 a.m.
  • Length: 22:19
Show
View Real Time Build Order
Export as new Build Order

ApXeOnTePuKC Protoss 

Build Orders: 1 Gate Expand, Phoenix Opening, Blink Stalkers 

Get SALT Encoding   

  12  0:02  Probe  
  13  0:14  Probe  
  13  0:18  Pylon  
  14  0:23  Probe  
  15  0:32  Probe  
  15  0:38  Gateway  
  15  0:41  Probe  
  16  0:46  Assimilator  
  17  0:53  Probe  
  18  1:01  Probe  
  18  1:09  Probe  
  20  1:27  Nexus  
  20  1:40  Cybernetics Core  
  21  1:47  Probe  
  21  1:51  Assimilator  
  21  1:57  Pylon  
  21  1:59  Probe  
  22  2:07  Adept  
  22  2:11  Probe  
  23  2:17  Warp Gate  
  25  2:23  Probe  
  25  2:25  Twilight Council  
  26  2:35  Probe  
  27  2:42  Probe  
  27  2:47  Probe  
  27  2:49  Sentry  
  27  2:50  Probe  
  31  3:06  Probe x2, Blink  
  33  3:18  Probe  
  33  3:19  Probe  
  34  3:21  Gateway x2  
  34  3:22  Phoenix  
  34  3:26  Probe  
  35  3:31  Probe  
  37  3:36  Probe  
  38  3:43  Probe  
  39  3:50  Probe  
  39  3:51  Probe  
  39  3:54  Pylon  
  41  3:59  Probe  
  42  4:02  Probe  
  43  4:12  Stalker  
  43  4:14  Probe  
  43  4:15  Stalker  
  48  4:21  Stalker  
  50  4:25  Shield Battery  
  50  4:27  Shield Battery, Pylon  
  50  4:31  Probe  
  51  4:37  Probe, Pylon  
  51  4:38  Assimilator  
  52  4:42  Stalker  
  54  4:47  Probe  
  54  4:51  Stalker  
  57  4:53  Sentry  
  58  5:08  Stalker  
  60  5:14  Probe, Pylon  
  60  5:19  Gateway  
  60  5:20  Stalker x2  
  65  5:21  Gateway  
  65  5:24  Gateway  
  65  5:40  Probe  
  65  5:41  Probe  
  65  5:42  Robotics Facility  
  67  5:43  Assimilator  
  67  5:47  Nexus  
  67  5:48  Pylon  
  67  5:54  Pylon  
  57  6:22  Stalker x5  
  57  6:23  Stalker  
  63  6:26  Observer  
  63  6:27  Probe  
  63  6:28  Probe  
  63  6:29  Gateway  
  63  6:32  Pylon  
  65  6:39  Probe  
  67  6:40  Probe  
  67  6:44  Warp Prism  
  66  6:51  Stalker  
  66  6:52  Stalker x4, Probe x2  
  78  6:55  Sentry, Probe  
  81  7:03  Probe x2  
  81  7:04  Probe  
  84  7:11  Probe  
  84  7:13  Probe  
  85  7:16  Probe  
  85  7:17  Forge  
  85  7:19  Probe  
  85  7:21  Robotics Bay  
  87  7:28  Probe  
  79  7:37  Stalker  
  79  7:38  Stalker x3  
  79  7:39  Stalker x3  
  79  7:42  Probe x2  
  91  7:46  Probe  
  91  7:50  Probe x2  
  88  7:58  Probe  
  85  8:08  Stalker x2  
  85  8:09  Stalker x5  
  91  8:38  Stalker x2  
  91  8:39  Stalker x5  
  91  8:40  Probe x2  
  91  8:41  Probe  
  87  9:03  Stalker x2  
  87  9:04  Stalker x3  
  81  9:17  Colossus, Charge  
  81  9:19  Extended Thermal Lance  
  79  9:28  Assimilator  
  79  9:30  Assimilator  
  85  9:50  Pylon  
  85  9:52  Gateway  
  85  9:53  Zealot x3  
  85  9:54  Zealot x4, Gateway  
  85  9:56  Gateway  
  99  10:00  Robotics Facility, Gateway  
  99  10:05  Colossus  
  99  10:07  Protoss Ground Weapons Level 1  
  99  10:09  Probe  
  100  10:26  Probe  
  91  10:32  Sentry, Observer  
  91  10:33  Stalker x2, Sentry  
  99  10:46  Nexus  
  99  10:47  Colossus  
  99  10:49  Zealot x3, Pylon  
  111  10:50  Zealot x2  
  111  10:55  Warp Prism  
  117  11:07  Pylon  
  117  11:10  Stalker x3  
  123  11:18  Zealot  
  125  11:23  Pylon  
  125  11:25  Pylon  
  125  11:27  Pylon  
  125  11:29  Sentry x2  
  125  11:30  Zealot x2  
  133  11:34  Templar Archives  
  133  11:48  Zealot x6  
  145  11:58  Protoss Ground Weapons Level 2  
  145  12:12  Zealot x2  
  145  12:13  Zealot x8  
  165  12:24  Probe, Psionic Storm  
  165  12:27  Pylon  
  165  12:28  Probe x3  
  166  12:40  Pylon  
  166  12:42  Zealot x4  
  166  12:43  Pylon  
  172  12:45  Pylon  
  114  12:59  Zealot x2  
  114  13:00  Zealot x4  
  96  13:15  High Templar x3  
  96  13:16  High Templar  
  96  13:19  Archon x2  
  100  13:20  High Templar x2  
  100  13:21  High Templar x4  
  100  13:24  Archon  
  100  13:25  Archon x2  
  108  13:35  Colossus x2  
  98  13:45  Probe  
  85  13:49  Probe  
  85  13:55  Zealot x3, Probe  
  99  13:56  Zealot x7  
  99  13:59  Assimilator  
  99  14:02  Assimilator  
  119  14:20  Protoss Ground Weapons Level 3, Pylon  
  119  14:23  Colossus  
  119  14:24  Colossus  
  119  14:25  Sentry  
  133  14:31  Zealot x4  
  133  14:32  Zealot x5  
  151  14:50  Sentry  
  151  14:51  Sentry x3  
  151  14:52  Sentry  
  161  15:03  Probe  
  162  15:07  Photon Cannon  
  162  15:11  Photon Cannon  
  162  15:19  Zealot x3  
  162  15:20  Zealot x7  
  143  15:41  Zealot x3  
  143  15:42  Zealot x6  
  90  16:06  Stalker x2, Colossus  
  90  16:07  Stalker x3  
  100  16:14  Probe  
  107  16:23  High Templar x2  
  107  16:24  High Templar x2  
  115  16:38  High Templar  
  115  16:39  High Templar  
  119  16:40  High Templar x2  
  119  16:45  Archon x2  
  123  16:50  Warp Prism  
  125  16:58  Nexus  
  124  17:08  Dark Shrine  
  124  17:20  Protoss Ground Armor Level 1  
  124  17:44  Probe  
  124  17:45  Zealot x4  
  124  17:46  Zealot x6  
  143  18:12  Zealot x3, Probe  
  148  18:13  Zealot x5  
  160  18:35  Probe  
  160  18:38  Probe x2  
  163  18:42  Assimilator, Pylon  
  163  18:43  Pylon  
  163  18:45  Assimilator, Dark Templar  
  163  18:46  Dark Templar x3  
  169  19:18  Zealot x5  
  177  19:36  Colossus x2  
  175  19:47  Gateway  
  175  19:49  Gateway  
  175  19:51  Gateway  
  185  20:12  Zealot x7, Stargate  
  179  20:56  Stalker x10  
  112  21:21  Colossus x2  
  112  21:22  High Templar x3  
  112  21:23  High Templar x3  
  112  21:24  High Templar, Zealot x2  
  112  21:25  Zealot  
  108  21:34  Archon x3  
  102  21:50  Zealot x6  
  110  21:57  Zealot x6  
  110  21:58  Zealot  
Show
View Real Time Build Order
Export as new Build Order

Mez Terran - Winner!

Build Orders: Reaper Expand 

Get SALT Encoding   

  12  0:01  SCV  
  13  0:13  SCV  
  14  0:19  Supply Depot  
  14  0:25  SCV  
  15  0:41  SCV  
  16  0:43  Barracks  
  16  0:46  Refinery  
  16  0:53  SCV  
  17  1:05  SCV  
  18  1:17  SCV  
  19  1:31  Reaper, Orbital Command  
  20  1:49  Command Center  
  20  1:57  SCV  
  21  2:09  SCV  
  21  2:10  Barracks Reactor  
  21  2:13  Barracks  
  22  2:19  Barracks  
  22  2:23  Supply Depot  
  22  2:35  SCV  
  23  2:47  SCV  
  23  2:48  Marine x2  
  26  2:59  SCV  
  27  3:08  Marine x3, Barracks Tech Lab  
  27  3:12  SCV  
  31  3:15  Orbital Command  
  31  3:24  SCV  
  31  3:26  Marine x3  
  31  3:27  Concussive Shells, Marauder  
  37  3:38  SCV  
  38  3:43  SCV  
  38  3:44  Marine  
  38  3:45  Marine  
  38  3:47  Marine  
  42  3:49  Marauder  
  42  3:50  SCV  
  45  3:55  SCV  
  45  3:56  Supply Depot  
  45  3:59  Engineering Bay  
  46  4:10  Supply Depot  
  46  4:18  SCV x2, Marine x3  
  46  4:22  Marine  
  46  4:23  Stimpack  
  52  4:30  SCV x2  
  54  4:31  Terran Infantry Weapons Level 1  
  54  4:35  Supply Depot  
  54  4:42  SCV x2  
  54  4:43  Command Center  
  56  4:48  Refinery x2  
  56  4:54  SCV  
  56  4:59  Marine x2  
  56  5:00  Marine x2  
  56  5:02  SCV  
  56  5:05  Supply Depot  
  56  5:06  SCV  
  61  5:14  Factory, SCV  
  61  5:18  Marine x2  
  61  5:19  Barracks Tech Lab  
  61  5:20  Bunker  
  64  5:22  SCV  
  64  5:25  Marauder  
  64  5:26  SCV  
  68  5:31  Supply Depot  
  68  5:34  SCV  
  69  5:38  SCV  
  69  5:40  Combat Shield  
  69  5:41  Marine x2  
  69  5:42  Marauder  
  74  5:46  SCV  
  75  5:50  SCV  
  75  5:55  Barracks x2  
  75  5:56  Supply Depot  
  76  5:59  Starport, Factory Reactor  
  76  6:04  SCV x2  
  67  6:25  Marine x2, Marauder x2  
  71  6:30  Terran Infantry Armor Level 1  
  71  6:33  SCV x2  
  71  6:38  Refinery  
  65  6:54  SCV  
  65  6:55  SCV, Orbital Command  
  65  6:57  Medivac x2  
  65  6:58  Barracks Reactor  
  65  6:59  Marine, Marauder, Barracks Tech Lab  
  65  7:00  Marine, Marauder  
  77  7:06  SCV  
  77  7:08  SCV  
  79  7:17  Engineering Bay, Marine x2  
  79  7:18  Armory, Supply Depot  
  79  7:19  SCV, Marauder  
  79  7:20  SCV  
  79  7:21  Marauder x2  
  82  7:31  SCV  
  82  7:32  SCV  
  71  7:40  Marine  
  71  7:41  Marine x3, Marauder  
  71  7:42  SCV, Marauder  
  71  7:43  SCV, Marauder  
  83  7:44  SCV  
  84  7:55  SCV  
  84  7:58  SCV x2, Marine x3  
  81  7:59  Marine  
  81  8:02  Marauder  
  81  8:04  Marauder x2  
  85  8:07  SCV  
  85  8:10  SCV x2, Terran Infantry Weapons Level 2  
  84  8:16  Marine  
  84  8:19  SCV  
  86  8:23  Marauder  
  86  8:26  Marine x3, Marauder x2  
  86  8:28  Medivac x2  
  86  8:32  SCV x3  
  90  8:34  Marine  
  84  8:44  Marine x3  
  84  8:45  Marauder  
  84  8:48  Marauder x2  
  89  8:52  Marine  
  84  8:58  Medivac x2  
  84  9:02  Marine x3  
  84  9:03  SCV x3  
  84  9:06  Marauder  
  84  9:09  Marine x2, Marauder  
  77  9:19  Marine  
  77  9:20  SCV x3, Marine x2  
  83  9:27  Marauder  
  83  9:28  Marauder  
  83  9:30  Marauder  
  89  9:32  SCV x2  
  89  9:34  SCV  
  89  9:36  Command Center  
  92  9:39  Marine  
  92  9:40  Marine x3  
  92  9:44  SCV x2  
  98  9:46  SCV  
  98  9:48  Marine x2  
  100  9:56  Missile Turret, SCV x2  
  100  9:58  Missile Turret  
  100  9:59  SCV, Marine  
  102  10:00  Marine x4  
  102  10:06  Marine x2  
  107  10:17  Marine  
  107  10:18  Marine x3  
  110  10:22  SCV x3  
  113  10:32  Marine x3  
  113  10:34  Terran Infantry Weapons Level 3, SCV  
  117  10:37  Engineering Bay  
  117  10:42  Barracks  
  117  10:43  Barracks  
  117  10:44  Barracks  
  117  10:47  SCV x2, Marine  
  120  10:52  Supply Depot x2  
  120  10:53  Supply Depot  
  120  10:54  Supply Depot  
  120  10:57  Missile Turret  
  120  11:03  Marine  
  120  11:04  Marine, Marauder x3  
  128  11:06  Marine x2  
  128  11:08  Missile Turret  
  130  11:17  Planetary Fortress  
  130  11:21  Marine  
  130  11:23  SCV x2  
  130  11:24  SCV  
  134  11:28  Missile Turret  
  134  11:30  Terran Infantry Armor Level 2, Ghost Academy  
  134  11:35  SCV  
  134  11:37  Barracks Reactor  
  134  11:38  Barracks Tech Lab x2  
  134  11:39  Marine x6  
  141  11:42  Medivac  
  143  11:52  SCV x3, Marauder  
  148  11:56  Refinery  
  148  11:58  Refinery  
  148  12:00  Terran Vehicle And Ship Armor Level 1  
  148  12:03  Ghost x3  
  155  12:08  Refinery x2, SCV x2  
  155  12:10  Supply Depot  
  155  12:11  Supply Depot  
  155  12:13  Supply Depot  
  155  12:14  SCV  
  157  12:20  SCV  
  158  12:32  Ghost x2  
  158  12:33  Marine x2, Marauder x2  
  142  12:55  Marine, Marauder  
  106  13:07  Marine x2, Marauder  
  106  13:08  Marine, Marauder  
  106  13:09  Marine x4  
  108  13:13  Marine  
  101  13:20  Marine  
  101  13:25  Marine x2  
  101  13:26  Marine x5  
  108  13:28  Marine  
  108  13:29  Marine  
  108  13:31  Marine  
  110  13:38  Marine  
  110  13:43  Marine x2  
  110  13:44  Marine x5  
  110  13:46  Marine x2  
  115  13:49  Marine  
  116  13:56  Command Center, Marine  
  116  14:01  Marine x2  
  116  14:02  Marine x5  
  124  14:04  Command Center, Marine  
  124  14:05  Medivac x2  
  129  14:23  Marine x4, Marauder x2  
  129  14:24  Marine x2  
  138  14:27  Marauder x2  
  138  14:31  SCV x2  
  145  14:32  Starport  
  145  14:34  Starport  
  145  14:37  Terran Infantry Armor Level 3  
  145  14:38  Fusion Core  
  144  14:50  Liberator x2  
  144  15:04  Marauder  
  144  15:05  Marine x4, Marauder x3  
  161  15:19  Viking x2  
  164  15:25  Marine x3, Marauder  
  167  15:33  Marauder x2  
  155  15:49  Viking  
  124  15:50  Marine x4, Marauder  
  124  15:55  Marine  
  124  15:56  Liberator  
  92  16:24  SCV  
  93  16:38  Planetary Fortress  
  93  16:49  Liberator x3  
  102  17:08  Starport Tech Lab  
  102  17:12  Orbital Command  
  102  17:14  SCV x3  
  105  17:22  SCV  
  105  17:26  SCV x3  
  108  17:30  Liberator  
  108  17:32  Liberator  
  108  17:34  SCV, Marauder x5  
  108  17:35  Marine x6  
  131  17:53  Marine  
  131  17:58  Advanced Ballistics  
  132  18:09  Ghost x2  
  132  18:10  Ghost x2  
  132  18:11  Marine x2  
  142  18:15  Liberator x2  
  142  18:18  Liberator  
  150  18:34  Starport Reactor  
  150  18:36  Marine x4, Marauder, Orbital Command  
  150  18:40  Hi-Sec Auto Tracking  
  156  18:45  SCV x4  
  160  18:52  Refinery  
  160  18:57  SCV x4, Marine  
  160  18:58  Marine x2  
  167  19:09  SCV x3  
  146  19:49  SCV x5  
  150  19:54  Missile Turret  
  150  19:59  Missile Turret  
  150  20:01  SCV  
  150  20:02  Ghost x3, SCV  
  150  20:03  Missile Turret, Marine x7, Marauder  
  150  20:06  SCV  
  168  20:08  SCV  
  168  20:20  Missile Turret, Marine  
  168  20:21  Marine x2  
  169  20:28  Ghost Academy  
  169  20:54  SCV x5  
  174  21:00  Missile Turret  
  174  21:01  Fusion Core  
  174  21:03  Ghost x2  
  178  21:04  Marine x9  
  178  21:06  SCV x5  
  155  21:26  Marine, Marauder  
  155  21:27  Marine x6, Marauder  
  155  21:32  Marine  
  170  21:33  Marauder  
  169  21:44  Marine  
  170  21:56  Marine x2, Marauder x4  
Tags
 
Add a new tag
Caveats
  • Supply blocks, unpowered buildings, or Contaminate may cause inaccurate times.
  • Supply counts are checked every 10 seconds.